 Dungeon Crawl Stone Soup version 0.30-a0-1116-gebefce21f7 (webtiles) character file.

Game seed: 8726921210951613493

4795 ragingrage the Skirmisher (level 10, 0/76 HPs)
             Began as a Naga Hunter on Apr 20, 2023.
             Was a Believer of Hepliaklqana.
             Slain by a basilisk (12 damage)
             ... on level 8 of the Dungeon on Apr 21, 2023.
             The game lasted 00:14:20 (10133 turns).

ragingrage the Skirmisher (Naga Hunter)            Turns: 10133, Time: 00:14:21

Health: 0/76       AC:  8    Str: 24    XL:     10   Next: 48%
Magic:  2/14       EV:  9    Int:  9    God:    Hepliaklqana [**....]
Gold:   364        SH:  0    Dex: 16    Spells: 12/15 levels left

rFire   . . .      SeeInvis +    a - +0 shortbow
rCold   + . .      Faith    .    (shield currently unavailable)
rNeg    . . .      Spirit   .    M - +0 acid dragon scales
rPois   +          Reflect  .    E - +0 helmet
rElec   .          Rampage  .    I - +0 cloak {Stlth+}
rCorr   +                        (no gloves)
Will    ++...                    (no barding)
Stlth   +++                      F - amulet "Oquseame" {Regen+ Str+4 Int-3}
HPRegen 1.12/turn                k - ring of willpower
MPRegen 0.14/turn                g - ring "Utwathryo" {rC+ Str+6}

@: very slightly contaminated, studying Poison Magic, very slow
A: reduced essence, AC +3, large, see invisible, deformed body, poison
resistance, slowness 2, spit poison 1, naga tail 1
a: Spit Poison, Renounce Religion, Recall Ancestor, Ancestor Identity


You were on level 8 of the Dungeon.
You worshipped Hepliaklqana.
Hepliaklqana was pleased with you.
You visited 2 branches of the dungeon, and saw 10 of its levels.
You also visited: Ossuary.

You collected 566 gold pieces.
You spent 202 gold pieces at shops.

Inventory:

Hand Weapons
 a - a +0 shortbow (weapon)
 b - a +1 dagger of venom
Missiles
 n - 2 throwing nets
 q - 8 poisoned darts
 K - a curare-tipped dart
Armour
 E - a +0 helmet (worn)
 H - the +0 ring mail "Josh" {+Inv Fly}
   (You found it on level 6 of the Dungeon)

   +Inv:      It lets you turn invisible.
   Fly:       It grants you flight.
 I - a +0 cloak of stealth (worn)
 M - +0 acid dragon scales (worn)
Jewellery
 c - a ring of willpower
 g - the ring "Utwathryo" (right hand) {rC+ Str+6}
   (You found it on level 3 of the Dungeon)

   [ring of strength]

   Str:       It affects your strength (+6).
   rC:        It protects you from cold.
 k - a ring of willpower (left hand)
 m - an amulet of reflection
 x - a ring of protection from fire
 F - the amulet "Oquseame" (around neck) {Regen+ Str+4 Int-3}
   (You found it on level 5 of the Dungeon)

   [amulet of regeneration]

   Str:       It affects your strength (+4).
   Int:       It affects your intelligence (-3).
   Regen:     It increases your rate of health regeneration.
Wands
 y - a wand of charming (11)
 L - a wand of iceblast (8)
Scrolls
 e - 3 scrolls of enchant weapon
 f - 3 scrolls of fog
 h - 4 scrolls of teleportation
 j - a scroll of poison
 l - a scroll of fear {unknown}
 p - a scroll of butterflies {unknown}
 r - 4 scrolls of blinking
 t - 2 scrolls of enchant armour {unknown}
 v - a scroll of vulnerability
 w - 3 scrolls of amnesia
 A - a scroll of magic mapping
 C - a scroll of torment {unknown}
 J - 3 scrolls of immolation
Potions
 d - 5 potions of curing
 i - a potion of haste {unknown}
 o - 2 potions of ambrosia
 u - 3 potions of attraction
 z - 3 potions of brilliance {unknown}
 B - 2 potions of resistance
 D - 2 potions of lignification


   Skills:
 - Level 4.0 Fighting
 + Level 11.4 Ranged Weapons
 - Level 1.5 Dodging
 - Level 4.0 Stealth
 - Level 3.0 Spellcasting
 - Level 3.0 Conjurations
 - Level 3.0 Air Magic
 - Level 11.0 Poison Magic


You had 12 spell levels left.
You knew the following spells:

 Your Spells              Type           Power      Damage    Failure   Level
a - Mephitic Cloud        Conj/Pois/Air  11%        N/A       12%         3

Your spell library contained the following spells:

 Spells                   Type           Power      Damage    Failure   Level
 Magic Dart               Conj           24%        1d4       11%         1
 Call Imp                 Summ           2%         N/A       50%         2
 Vhi's Electric Charge    Tloc/Air       8%         N/A       52%         3
 Arcjolt                  Conj/Air       3%         1d13      97%         5
 Plasma Beam              Fire/Air       2%         2x1d13    100%        6


Dungeon Overview and Level Annotations

Branches:
Dungeon (9/15)             Temple (1/1) D:4         Ossuary (visited)
   Lair: D:8-11         Orc: D:9-12

Altars:
Ashenzari
Cheibriados
Dithmenos
Elyvilon
Fedhas
Gozag
Hepliaklqana
Kikubaaqudgha
Makhleb
Nemelex Xobeh
Okawaru
Qazlal
Ru
Sif Muna
Trog
Uskayaw
Wu Jian
Xom
Yredelemnul
Zin
The Shining One

Shops:
D:1 *   D:4 !   D:8 (

Annotations:
D:4 1 runed translucent door, PailKail's ghost, amateur DrBe
D:7 5 transporters
Temple 2 transporters


Innate Abilities, Weirdness & Mutations

Your life essence is reduced to manifest your ancestor. (-10% HP)
Your serpentine skin is tough. (AC +3)
You have supernaturally acute eyesight. (SInv)
Armour fits poorly on your strangely shaped body.
Your system is resistant to poisons. (rPois)
You cover ground very slowly.
You can spit poison.
You have a snake-like lower body.


Message History

Unknown command.
Fire: a) +0 shortbow
Aim: a wyvern (almost dead, not watching you, ally target, 67% to hit)
You shoot an arrow. The arrow hits the wyvern.
You kill the wyvern!
A black bear comes into view.
The yak gores Eadburga!
Eadburga is destroyed!
The yak gores you but does no damage.
The basilisk hisses menacingly.
The yak gores you. The basilisk bites you. The yak gores you!
* * * LOW HITPOINT WARNING * * *
There is a stone staircase leading up here.
The yak gores you but does no damage. The basilisk closely misses you.
Your magical contamination has completely faded away.
You climb upwards.
There is a stone staircase leading down here.
The basilisk attacks as you move away! The basilisk bites you!
* * * LOW HITPOINT WARNING * * *
Unknown command.
Casting: Mephitic Cloud (dangerous; 12% risk of failure)
Aiming: Mephitic Cloud (dangerous; 12% risk of failure)
Aim: a yak (lightly wounded, chance to affect: 67%)
You miscast Mephitic Cloud.
You are very lightly contaminated with residual magic.
Nothing appears to happen.
The yak gores you!
* * * LOW HITPOINT WARNING * * *
Unknown command.
You feel much better. The yak gores you but does no damage.
Unknown command.
Aiming: Charm
Aim: a yak (lightly wounded, chance to affect: 49%)
The yak resists with some effort.
The yak gores you but does no damage. The basilisk bites you!
* * * LOW HITPOINT WARNING * * *
Aiming: Charm
Aim: a yak (lightly wounded, chance to affect: 49%)
The yak is charmed.
The basilisk bites you!
You die...

####### #.####### #.# #.#
####### #.# #.....#
#.####### ########.##..#
#.......# #........#.#.##
#.#####.#
#.######..##.Y## #.# #.#
#.#
#........#@###.#####.####
#.#
#.#..##..l...........)))#
#.#
#.##.###.#.#.....###.##.#
#.###.##..##..###...##
#.##.# #............##
##.#####)##.#
###.....###.##
#.[.....##.# #.......####
#.########.# #.......#
##'## ###.### #.......#
##...## #......


You could see a basilisk and a friendly yak (charmed).

Vanquished Creatures
  2 wyverns
  5 yaks (D:8)
  An orc warrior (D:8)
  2 sky beasts
  3 black bears
  An ogre (D:6)
  A centaur (D:9)
  4 bullfrogs
  2 gnoll sergeants
  3 scorpions
  3 wights (D:8)
  3 water moccasin zombies (Ossuary)
  3 killer bees (D:7)
  2 orc priests
  3 jellies
  4 hounds
  4 iguanas
  4 orc wizards
  2 mummies (Ossuary)
  9 gnolls
  13 adders
  3 shadow imps
  2 ufetubi
  5 adder zombies (Ossuary)
  A worm (D:5)
  A dart slug (D:4)
  15 orcs
  4 endoplasms
  2 giant cockroaches
  A gnoll zombie (Ossuary)
  7 goblins
  9 hobgoblins
  4 jackals
  6 quokkas
  9 ball pythons
  11 bats
  5 frilled lizards
  A goblin zombie (D:4)
  3 hobgoblin zombies (Ossuary)
  12 kobolds
  9 kobold zombies (Ossuary)
  5 orc zombies (Ossuary)
  5 rats
  A rat zombie (D:4)
195 creatures vanquished.

Vanquished Creatures (collateral kills)
  A troll (D:9)
  A yak (D:8)
  2 acid dragons
  A water moccasin (D:8)
  A sky beast (D:7)
  An orc warrior (D:7)
  A kobold brigand (D:8)
  2 wights
  3 killer bees
  A jelly (D:7)
  An orc priest (D:7)
  A gnoll (D:8)
  2 orcs (D:8)
  3 kobolds (D:8)
21 creatures vanquished.

Vanquished Creatures (others)
  A knight (D:9)
  9 ancestors
  A white imp (D:7)
11 creatures vanquished.

Grand Total: 227 creatures vanquished

Notes
Turn   | Place    | Note
-------+----------+-------------------------------------------
     0 | D:1      | ragingrage the Naga Hunter began the quest for the Orb.
     0 | D:1      | Reached XP level 1. HP: 19/19 MP: 1/1
   161 | D:1      | Reached XP level 2. HP: 26/26 MP: 2/2
   409 | D:1      | Found a faded altar of an unknown god.
   611 | D:1      | Found Oledd's Assorted Antiques.
   619 | D:1      | Bought a scroll labelled ALENUS RIEFO for 24 gold pieces
   619 | D:1      | Bought a scroll labelled UGYCZO TUDD for 24 gold pieces
  1194 | D:2      | Reached XP level 3. HP: 32/32 MP: 3/3
  1666 | D:2      | Found a basalt altar of Yredelemnul.
  2217 | D:3      | Reached XP level 4. HP: 39/39 MP: 4/4
  2220 | D:4      | Found Ankuirio's Distillery.
  2224 | D:4      | Bought a potion of heal wounds for 70 gold pieces
  2224 | D:4      | Bought a potion of curing for 42 gold pieces
  2261 | D:4      | Found a sand-covered staircase.
  2268 | Ossuary  | Entered an ossuary
  2298 | Ossuary  | Reached skill level 5 in Ranged Weapons
  2298 | Ossuary  | Reached XP level 5. HP: 26/45 MP: 5/5
  2522 | Ossuary  | Reached XP level 6. HP: 18/56 MP: 6/6
  2981 | D:4      | You fall into a shaft and drop 1 floor!
  2981 | D:5      | Entered Level 5 of the Dungeon
  3299 | D:5      | Noticed a black bear
  3408 | D:4      | Found a runed translucent door.
  3512 | D:3      | Identified the ring "Utwathryo" {rC+ Str+6}
  4147 | D:4      | Bought a potion of lignification for 42 gold pieces
  4359 | D:4      | Noticed a black bear
  4676 | D:4      | Found a staircase to the Ecumenical Temple.
  4684 | Temple   | Entered the Ecumenical Temple
  4684 | Temple   | Found a transporter.
  4684 | Temple   | Found a transporter.
  4686 | Temple   | Found a transporter.
  4686 | Temple   | Found a transporter.
  4702 | Temple   | Became a worshipper of Hepliaklqana the Forgotten
  4773 | D:4      | Reached XP level 7. HP: 58/64 MP: 7/7
  5176 | D:4      | Learned a level 3 spell: Mephitic Cloud
  5355 | D:4      | Noticed PailKail's ghost (amateur DrBe)
  5739 | D:5      | Identified the amulet "Oquseame" {Regen+ Str+4 Int-3}
  5757 | D:5      | Reached skill level 1 in Spellcasting
  5909 | D:5      | Found an ancient bone altar of Kikubaaqudgha.
  5918 | D:5      | Reached XP level 8. HP: 68/72 MP: 10/10
  6077 | D:5      | Reached skill level 5 in Poison Magic
  6630 | D:6      | Reached skill level 1 in Conjurations
  6630 | D:6      | Reached skill level 1 in Air Magic
  6674 | D:6      | Identified the +0 ring mail "Josh" {+Inv Fly}
  6848 | D:6      | Reached * piety under Hepliaklqana
  6903 | D:6      | Found a shadowy altar of Dithmenos.
  7036 | D:7      | Found a transporter.
  7038 | D:7      | Found a transporter.
  7041 | D:7      | Noticed a boulder beetle
  7042 | D:7      | Found a transporter.
  7084 | D:7      | Upgraded the game from 0.30-a0-1114-gd936c97349 to
                  | 0.30-a0-1116-gebefce21f7
  7133 | D:7      | Noticed a two-headed ogre
  7204 | D:8      | Noticed a wyvern
  7212 | D:8      | Killed a wyvern
  7213 | D:8      | Reached XP level 9. HP: 55/70 MP: 9/13
  7284 | D:8      | Found Seyrusu's Antique Weapon Boutique.
  7538 | D:7      | Found a transporter.
  7804 | D:7      | Found a transporter.
  8289 | D:8      | Found an opulent altar of Gozag.
  8317 | D:8      | Found a glowing golden altar of the Shining One.
  9165 | D:8      | Reached skill level 10 in Poison Magic
  9171 | D:8      | Reached skill level 10 in Ranged Weapons
  9187 | D:8      | Reached XP level 10. HP: 76/76 MP: 8/14
  9362 | D:8      | Reached ** piety under Hepliaklqana
  9363 | D:8      | Remembered your ancestor Eadburga as a knight
 10130 | D:8      | HP: 1/76 [yak (13)]
 10133 | D:8      | Slain by a basilisk

Illustrated notes

Levels and vault maps discovered:
D:1:      sevenhm_arrival_forest_fort_large_2, layout_basic, serial_shops,
          nicolae_shop_statue_plus, serial_bayou, serial_bayou_lagoon_a,
          serial_bayou_pond_d, serial_bayou_shore_b, serial_bayou_pond_e,
          dreamdust_ecumenical_altar_angels_and_demons
D:2:      layout_rooms, basic_altar, kennysheep_generic_room_4
D:3:      kennysheep_big_flooded_room, layout_basic
D:4:      kb_forest_paths, layout_layer_cave, minmay_temple_entry_slanted,
          enter_ossuary_4, ebering_ghost_reflecting_pool, kennysheep_cross_room,
          serial_park_tiny_pond, nicolae_stop_n_shop_1, minmay_misc_feat_chi,
          minmay_manual_mess
D:5:      layout_rooms, tgw_kikubaaqudgha, minmay_misc_feat_encased
D:6:      layout_rooms, grunt_dithmenos_smoke_and_mirrors
D:7:      gammafunk_the_bubble [the_bubble_gammafunk_roulette], layout_basic,
          st_stairs_11
D:8:      layout_loops_corners, mainiacjoe_overflow_two_lobes, serial_shops,
          shop
D:9:      layout_basic, david_lair_generic
Temple:   hellmonk_temple_divided_pantheon

Skill      XL: |  1  2  3  4  5  6  7  8  9 10 |
---------------+-------------------------------+-----
Ranged Weapons | 4 5 6 7 8 10 11 | 11.4
Stealth        | 2 3 4 |  4.0
Fighting       | 3 4 |  4.0
Poison Magic   | 3 5 10 11 | 11.0
Spellcasting   | 1 3 |  3.0
Conjurations   | 2 3 |  3.0
Air Magic      | 2 3 |  3.0
Dodging        | |  1.5

Action                     |  1- 3 |  4- 6 |  7- 9 | 10-12 || total
---------------------------+-------+-------+-------+-------++-------
  Melee: Unarmed           |       |    31 |       |       ||    31
   Fire: Shortbow          |   120 |   198 |   434 |    83 ||   835
   Cast: Mephitic Cloud    |       |       |     9 |     6 ||    15
 Invoke: Ancestor Life: Kn |       |       |       |     1 ||     1
Ability: Spit Poison       |     1 |     2 |     8 |     1 ||    12
  Evoke: Wand              |       |       |       |     2 ||     2
    Use: Potion            |       |     1 |     2 |     1 ||     4
         Scroll            |       |     8 |     6 |       ||    14
 Armour: Leather armour    |    12 |    22 |       |       ||    34
         Skin              |       |    17 |       |       ||    17
         Ring mail         |       |     6 |    72 |     1 ||    79
         Acid dragon scale |       |       |       |    15 ||    15
  Dodge: Dodged            |    26 |    49 |   108 |    11 ||   194
  Block: Other             |     5 |    42 |     8 |       ||    55

Table legend: (Time is in decaauts)
 A = Elapsed time spent in this place.
 B = Non-inter-level travel time spent in this place.
 C = Inter-level travel time spent in this place.
 D = Time resting spent in this place.
 E = Time spent auto-exploring this place.
 F = Levels seen in this place.
 G = Mean time per level.
                   A        B        C        D        E       F      G
               +--------+--------+--------+--------+--------+-----+--------+
         Total |  12691 |  12073 |    618 |   2663 |   7358 |  11 | 1153.7 |
       Dungeon |  12018 |  11411 |    607 |   2308 |   7295 |   9 | 1335.3 |
        Temple |     42 |     32 |     10 |      0 |      9 |   1 |   42.0 |
       Ossuary |    630 |    630 |      0 |    355 |     52 |   1 |  630.0 |
               +--------+--------+--------+--------+--------+-----+--------+

Top non-repeatable levels by time:
     D:4: 2500 daAuts
     D:8: 2450 daAuts
     D:1: 1604 daAuts
     D:5: 1335 daAuts
     D:3: 1211 daAuts
     D:7: 1160 daAuts
     D:2: 874 daAuts
     D:6: 750 daAuts
 Ossuary: 630 daAuts
     D:9: 130 daAuts
  Temple: 42 daAuts
